 Dungeon Crawl Stone Soup version 0.24-a0-528-g98e85ec62a (webtiles) character file.

Game seed: 6821652551486928597

241 BinkBink the Poker (level 5, -3/40 HPs)
             Began as a Demonspawn Gladiator on Aug 6, 2019.
             Slain by a wraith (4 damage)
             ... in an ossuary.
             The game lasted 00:08:56 (2919 turns).

BinkBink the Poker (Demonspawn Gladiator)           Turns: 2919, Time: 00:08:57

Health: -3/40      AC:  5    Str: 14    XL:     5   Next: 80%
Magic:  0/5        EV: 11    Int: 11    God:
Gold:   118        SH:  3    Dex: 14    Spells: 4/4 levels left

rFire    . . .     SeeInvis .   a - +0 trident
rCold    . . .     Gourm    .   (no shield)
rNeg     . . .     Faith    .   b - +0 leather armour
rPois    .         Spirit   +   (helmet restricted)
rElec    .         Reflect  +   (no cloak)
rCorr    .         Harm     .   (no gloves)
MR       .....                  (no boots)
Stlth    +.........             q - +3 amulet of reflection
HPRegen  0.13/turn              t - ring of flight
MPRegen  0.09/turn              u - ring of wizardry

@: slowed, heavily drained, very slow
A: horns 1, iridescent scales 1, magic shield
a: Evoke Flight


You were in an ossuary.
You were not hungry.

You visited 1 branch of the dungeon, and saw 4 of its levels.
You also visited: Ossuary.

You collected 118 gold pieces.

Inventory:

Hand Weapons
 a - a +0 trident (weapon)
Missiles
 d - 3 throwing nets (quivered)
Armour
 b - a +0 leather armour (worn)
 c - a +0 helmet
 n - a +0 ring mail
Jewellery
 q - a +3 amulet of reflection (around neck)
 t - a ring of flight (left hand)
 u - a ring of wizardry (right hand)
Wands
 x - a wand of polymorph (7)
 y - a wand of iceblast (4)
 z - a wand of digging (6)
Scrolls
 e - a scroll of amnesia {unknown}
 h - 4 scrolls of identify {unknown}
 j - a scroll of remove curse {unknown}
 l - a scroll of fog {unknown}
 o - 2 scrolls of blinking
 r - a scroll of fear {unknown}
 v - a scroll of holy word {unknown}
Potions
 g - 2 potions of haste {unknown}
 i - 2 potions of degeneration {unknown}
 k - a potion of cancellation {unknown}
 m - 3 potions of curing {unknown}
 p - a potion of agility {unknown}
 s - 2 potions of flight {unknown}
 w - 2 potions of heal wounds
 A - a potion of lignification {unknown}
Comestibles
 f - 7 rations


   Skills:
 + Level 2.8(0.6) Fighting
 + Level 4.3(2.0) Polearms
 + Level 1.9(0.0) Throwing
 + Level 1.9(0.0) Armour
 + Level 3.5(1.3) Dodging
 + Level 1.0(0.0) Stealth


You had 4 spell levels left.
You didn't know any spells.
Your spell library was empty.

Dungeon Overview and Level Annotations

Branches:
Dungeon (4/15)
 Temple: D:4-7

Altars:
Ashenzari
Makhleb

Annotations:
D:3 2 transporters, rayg00n's ghost, amateur DrTm


Innate Abilities, Weirdness & Mutations

You have a pair of small horns on your head.
You are partially covered in iridescent scales. (AC +2)
When hurt, damage is shared between your health and your magic reserves.


Message History

The wraith hits you.
You hit the wraith.
The wraith is lightly damaged.
You feel yourself speed up. The wraith closely misses you.
The wraith barely misses you.
You completely miss the wraith. Your headbutt misses the wraith.
The wraith is lightly damaged.
The wraith hits you! The wraith drains your vigour!
You feel yourself slow down.
Your leather armour prevents you from hitting the wraith.
The wraith is lightly damaged.
The wraith hits you. x2
* * * LOW HITPOINT WARNING * * *
The wraith drains your vigour!
You feel as though you will be slow longer.
The wraith closely misses you. The wraith hits you!
* * * LOW HITPOINT WARNING * * *
The wraith hits you.
You die...

# ##### ....# ## ##'.# #. #.#.#
## ###.# ###
####################. ....# #z#
#.....##.#.#.#.#.##..
###.###▓#####.8.8.##'#'#'#'#'#..)
#z#.'....)'..zWW@.'..........'...
###.###▓#####.8.8.##'#'#'#'#'#...
....# #W# #.....##.#.#.#.#.##..
###W# ### ####################.
#.#.# ## ##'.# # ....# #####


You could see 2 wraiths and a wight.

Vanquished Creatures
  2 wights (Ossuary)
  A hound (D:2)
  3 adders
  A gnoll (D:1)
  An ooze (D:3)
  An adder zombie (Ossuary)
  3 worms (D:3)
  3 leopard geckos
  2 orcs (D:3)
  2 ball pythons
  3 giant cockroaches
  10 goblins
  2 hobgoblins
  8 jackals
  8 kobolds
  4 quokkas
  A ball python skeleton (Ossuary)
  A bat (D:1)
  2 frilled lizards
  A hobgoblin skeleton (Ossuary)
  A hobgoblin zombie (Ossuary)
  2 kobold zombies (Ossuary)
  2 orc skeletons (Ossuary)
  7 rats
71 creatures vanquished.

Notes
Turn   | Place    | Note
-------+----------+-------------------------------------------
     0 | D:1      | BinkBink the Demonspawn Gladiator began the quest for the
                  | Orb.
     0 | D:1      | Reached XP level 1. HP: 16/16 MP: 1/1
   131 | D:1      | Gained mutation: When hurt, damage is shared between your
                  | health and your magic reserves. [demonic ancestry]
   131 | D:1      | Reached XP level 2. HP: 22/22 MP: 2/2
   283 | D:1      | Reached skill level 3 in Polearms
   313 | D:1      | Reached XP level 3. HP: 13/27 MP: 1/3
   586 | D:2      | Found a burning altar of Makhleb.
   597 | D:2      | Gained mutation: You have a pair of small horns on your
                  | head. [demonic ancestry]
   597 | D:2      | Reached XP level 4. HP: 24/34 MP: 1/4
   657 | D:2      | Reached skill level 1 in Armour
   706 | D:2      | Found a shattered altar of Ashenzari.
  1311 | D:3      | Found a transporter.
  1311 | D:3      | Noticed rayg00n's ghost (amateur DrTm)
  1584 | D:3      | Found a transporter.
  1662 | D:3      | Gained mutation: You are partially covered in iridescent
                  | scales. (AC +2) [demonic ancestry]
  1662 | D:3      | Reached XP level 5. HP: 19/39 MP: 3/5
  1671 | D:3      | Reached skill level 4 in Polearms
  2113 | D:4      | Found a sand-covered staircase.
  2127 | Ossuary  | Entered an ossuary
  2527 | Ossuary  | Noticed a flying skull
  2527 | Ossuary  | Noticed a wraith
  2561 | Ossuary  | Noticed a flying skull
  2567 | Ossuary  | Noticed a flying skull
  2585 | Ossuary  | Noticed a flying skull
  2655 | Ossuary  | Noticed a wraith
  2769 | Ossuary  | Reached skill level 1 in Stealth
  2816 | Ossuary  | Noticed a wraith
  2917 | Ossuary  | HP: 1/40 [wraith (10)]
  2919 | Ossuary  | Slain by a wraith

Levels and vault maps discovered:
D:1:      evilmike_arrival_crescent, layout_rooms
D:2:      layout_basic, makhleb_blood_cavern_becter, evilmike_ruin_ashenzari
D:3:      layout_basic, gammafunk_ghost_arena, corexii_hall_statues_x
D:4:      layout_basic, temple_green, nicolae_ossuary_entry_ruins, first_ration,
          uniq_grinder
Ossuary:  ossuary_due_cavern

Skill      XL: |  1  2  3  4  5 |
---------------+----------------+-----
Dodging        | 3 |  3.5
Polearms       | 3 4 |  4.3
Armour         | 1 |  1.9
Stealth        | 1 |  1.0
Fighting       | |  2.8
Throwing       | |  1.9

Action                   |  1- 3 |  4- 6 || total
-------------------------+-------+-------++-------
Melee: Trident           |    79 |   191 ||   270
       Headbutt          |       |    30 ||    30
  Use: Potion            |       |     3 ||     3
       Scroll            |       |     1 ||     1
 Stab: Sleeping          |     2 |     5 ||     7
  Eat: Chunk             |       |     3 ||     3
       Ration            |       |     1 ||     1
Armor: Leather armour    |    11 |    21 ||    32
Dodge: Dodged            |    44 |   103 ||   147
Block: Other             |       |     5 ||     5

Table legend:
 A = Non-vault XP
 B = Vault XP
 C = Vault XP percentage of total XP
 D = Non-vault monster count
 E = Vault monster count
 F = Vault count percentage of total count
                 A         B        C        D         E       F
            +---------+---------+-------+---------+---------+-------
      Total |     170 |     175 |  50.7 |      60 |      11 |  15.5
            +---------+---------+-------+---------+---------+-------
        D:1 |      43 |       0 |   0.0 |      18 |       0 |   0.0
        D:2 |      42 |      42 |  50.0 |      18 |       1 |   5.3
        D:3 |      79 |       0 |   0.0 |      22 |       0 |   0.0
        D:4 |       6 |       0 |   0.0 |       2 |       0 |   0.0
    Ossuary |       0 |     133 | 100.0 |       0 |      10 | 100.0
            +---------+---------+-------+---------+---------+-------
